 Dungeon Crawl Stone Soup version 0.18-a0-1273-g8ec5f8e (webtiles) character file.

607 namelastname112 the Shooter (level 7, 57/60 HPs)
             Began as a Grey Draconian Hunter on Feb 7, 2016.
             Quit the game on level 4 of the Dungeon.
             The game lasted 00:07:11 (5125 turns).

namelastname112 the Shooter (Grey Draconian Hunter) Turns: 5125, Time: 00:07:11

Health: 57/60      AC: 12    Str: 15    XL:     7   Next: 19%
Magic:  7/7        EV: 13    Int: 11    God:
Gold:   251        SH:  0    Dex: 13    Spells: 0 memorised, 6 levels left

rFire  . . .     SeeInvis .     a - +1 shortbow
rCold  . . .     Gourm    .     (armour unavailable)
rNeg   + . .     Faith    .     (shield currently unavailable)
rPois  .         Spirit   .     (helmet restricted)
rElec  .         Dismiss  .     (no cloak)
rCorr  .         Reflect  .     (no gloves)
SustAt .         Harm     .     o - +0 pair of boots
MR     .....                    (no amulet)
Stlth  +.........               (no ring)
                                i - ring of positive energy

@: not resistant to hostile enchantments, very unstealthy
A: walk through water, unfitting armour, unbreathing, cold-blooded, AC +11
a: no special abilities


You were on level 4 of the Dungeon.
You were not hungry.

You visited 1 branch of the dungeon, and saw 4 of its levels.

You collected 251 gold pieces.

Inventory:

Hand Weapons
 a - a +1 shortbow (weapon)
 b - a +0 short sword
Missiles
 c - 27 arrows (quivered)
Armour
 o - a +0 pair of boots (worn)
Jewellery
 i - a ring of positive energy (left hand)
 v - an uncursed ring of positive energy
Scrolls
 e - 7 scrolls of identify {unknown}
 f - a scroll of amnesia {unknown}
 h - a scroll of random uselessness {unknown}
 j - 2 scrolls of remove curse {unknown}
 k - a scroll of fog {unknown}
 l - 3 scrolls of teleportation {unknown}
 q - a scroll of enchant armour {unknown}
 r - a scroll of immolation {unknown}
 t - a scroll of blinking {unknown}
Potions
 g - a potion of heal wounds {unknown}
 m - 2 potions of brilliance {unknown}
 n - a potion of haste {unknown}
 p - a potion of resistance {unknown}
 s - 2 potions of curing {unknown}
 u - a potion of magic {unknown}
Comestibles
 d - a bread ration
 w - a meat ration


   Skills:
 + Level 4.9 Fighting
 * Level 6.1 Bows
 + Level 3.8 Dodging
 - Level 0.8 Stealth


You had 6 spell levels left.
You didn't know any spells.

Dungeon Overview and Level Annotations

Branches:
Dungeon (4/15)
 Temple: D:4-7

Altars:
Nemelex Xobeh
Okawaru
Qazlal


Innate Abilities, Weirdness & Mutations

You can walk through water.
Your dull iron-grey scales are very hard (AC +11).
Your body does not fit into most forms of armour.
You can survive without breathing.
You are cold-blooded and may be slowed by cold attacks.


Message History

The arrow hits the iguana but does no damage.
The iguana is lightly wounded.
Firing (i - inventory):
c - 31 arrows (quivered)
Press: ? - help, Shift-Dir - straight line, f/p - iguana
Aim: an iguana (lightly wounded)
You shoot an arrow. The arrow barely misses the iguana.
Firing (i - inventory):
c - 30 arrows (quivered)
Press: ? - help, Shift-Dir - straight line, f/p - iguana
Aim: an iguana (lightly wounded)
You shoot an arrow. The arrow barely misses the iguana.
Firing (i - inventory):
c - 29 arrows (quivered)
Press: ? - help, Shift-Dir - straight line, f/p - iguana
Aim: an iguana (lightly wounded)
You shoot an arrow. The arrow hits the iguana.
The iguana is moderately wounded.
Firing (i - inventory):
c - 28 arrows (quivered)
Press: ? - help, Shift-Dir - straight line, f/p - iguana
Aim: an iguana (moderately wounded)
You shoot an arrow. The arrow barely misses the iguana.
The iguana bites you.
Are you sure you want to abandon this character and quit the game? (Confirm with "yes".)

#..........).....#.#
#..............)<..#
#................#.#
#................#.#
#............#.....
###..........##..###
###...........>#
#........#....
########@#.###
#...l......#
#..........#
#..........#
#...(......#
....(..)..## ##
...?.(.....# .#
......(.....# .#


You could see an iguana.

Vanquished Creatures
  The ghost of YrmMerkstave the Ruffian, an amateur DrTm (D:4)
  An ogre (D:4)
  A hound (D:3)
  2 orc priests
  Jessica (D:3)
  A worker ant (D:4)
  10 gnolls
  4 adders (D:2)
  An ooze (D:1)
  An adder skeleton (D:4)
  7 worms
  2 giant geckos
  8 orcs
  10 bats
  2 giant cockroaches (D:1)
  7 goblins
  13 hobgoblins
  7 jackals (D:2)
  A quokka (D:3)
  A giant newt (D:2)
  8 kobolds
  7 rats
96 creatures vanquished.

Notes
Turn   | Place    | Note
--------------------------------------------------------------
     0 | D:1      | namelastname112 the Draconian Hunter began the quest for the Orb.
     0 | D:1      | Reached XP level 1. HP: 17/17 MP: 1/1
   170 | D:1      | Reached XP level 2. HP: 25/25 MP: 2/2
   345 | D:1      | Found a sparkling altar of Nemelex Xobeh.
   619 | D:1      | Reached skill level 4 in Bows
   812 | D:1      | Reached XP level 3. HP: 9/30 MP: 3/3
  1894 | D:2      | Reached XP level 4. HP: 33/38 MP: 4/4
  2733 | D:3      | Reached XP level 5. HP: 26/45 MP: 5/5
  2766 | D:3      | Found a stormy altar of Qazlal.
  3273 | D:3      | Reached skill level 5 in Bows
  3925 | D:3      | Reached XP level 6. HP: 45/52 MP: 6/6
  4051 | D:3      | Noticed Jessica
  4063 | D:3      | Killed Jessica
  4161 | D:3      | Found a faded altar to an unknown god.
  4407 | D:3      | Found an iron altar of Okawaru.
  4492 | D:4      | Noticed YrmMerkstave's ghost (amateur DrTm)
  4514 | D:4      | Killed YrmMerkstave's ghost
  4720 | D:4      | Noticed an orc warrior
  4925 | D:4      | Reached skill level 6 in Bows
  4925 | D:4      | Reached XP level 7. HP: 28/60 MP: 7/7
  4925 | D:4      | Your scales start taking on a dull iron-grey colour.
  4925 | D:4      | Gained mutation: You can survive without breathing. [Grey Draconian growth]
  5125 | D:4      | Quit the game

Vault maps used:
D:1:      ncdulo_lavacross, minivault_4, nemelex_diamond_rough_becter
D:3:      okawaru_altar_gauntlet_db, lemuel_coloured_pillars_altar,
          ecumenical_altar_2, uniq_jessica
D:4:      grunt_temple_overflow_magic_moments, minmay_misc_feat_encased,
          kennysheep_small_square

Action                   |  1- 3 |  4- 6 |  7- 9 || total
-------------------------+-------+-------+-------++-------
Melee: Short sword       |   164 |   114 |       ||   278
 Fire: Shortbow          |    28 |   135 |    22 ||   185
 Stab: Sleeping          |     4 |     1 |       ||     5
  Eat: Chunk             |     3 |     8 |       ||    11
       Bread ration      |       |     1 |       ||     1
